 Dungeon Crawl Stone Soup version 0.28-a0-537-g3bccd9ccbf (webtiles) character file.

Game seed: 9189547276676588112

1032 lunkers the Grappler (level 8, -19/80 HPs)
             Began as a Troll Cinder Acolyte on Sept 27, 2021.
             Was a High Priest of Ignis.
             Demolished by an ogre (24 damage)
             ... on level 5 of the Dungeon.
             The game lasted 00:05:05 (3985 turns).

lunkers the Grappler (Troll Cinder Acolyte)         Turns: 3985, Time: 00:05:06

Health: -19/80     AC:  4    Str: 23    XL:     8   Next: 3%
Magic:  8/8        EV:  6    Int: 10    God:    Ignis [*****.]
Gold:   333        SH:  6    Dex:  7    Spells: 9/9 levels left

rFire   + . .      SeeInvis .     - Unarmed
rCold   . . .      Faith    .   n - +0 kite shield
rNeg    . . .      Spirit   .   a - +0 robe
rPois   .          Reflect  .   (helmet restricted)
rElec   .          Harm     .   (no cloak)
rCorr   .          Rampage  .   (gloves unavailable)
Will    .....                   (boots unavailable)
Stlth   +.........              (no amulet)
HPRegen 1.23/turn               (no ring)
MPRegen 0.11/turn               (no ring)

@: no status effects
A: large, unfitting armour, claws 3, regeneration 1, shaggy fur 1, tough skin 1
a: Renounce Religion, Sea of Fire, Foxfire Swarm, Rising Flame


You were on level 5 of the Dungeon.
You worshipped Ignis.
Ignis was extremely pleased with you.
You visited 1 branch of the dungeon, and saw 6 of its levels.

You collected 333 gold pieces.

Inventory:

Missiles
 g - a throwing net
 j - 6 boomerangs
 k - 5 javelins
 p - 40 stones
Armour
 a - a +0 robe (worn)
 n - a +0 kite shield (worn)
Wands
 l - a wand of flame (26)
 o - a wand of mindburst (9)
Scrolls
 b - a scroll of summoning {unknown}
 c - a scroll of immolation {unknown}
 d - a scroll of teleportation {unknown}
 f - 2 scrolls of magic mapping {unknown}
 h - a scroll of identify {unknown}
 i - a scroll of vulnerability {unknown}
Potions
 e - a potion of haste {unknown}
 m - a potion of degeneration {unknown}
 q - 2 potions of attraction {unknown}


   Skills:
 + Level 5.0 Fighting
 + Level 1.0 Shields
 * Level 8.1 Unarmed Combat
 - Level 1.0 Spellcasting
 - Level 2.1 Fire Magic


You had 9 spell levels left.
You didn't know any spells.
Your spell library contained the following spells:

 Spells                   Type           Power      Damage    Failure   Level
 Scorch                   Fire           8%         2d5       75%         2
 Sandblast                Erth           0%         2d4       88%         1
 Passwall                 Tmut/Erth      0%         N/A       96%         2
 Gell's Gravitas          Tloc           0%         N/A       99%         3
 Lesser Beckoning         Tloc           0%         N/A       99%         3
 Stone Arrow              Conj/Erth      0%         3d7       99%         3
 Teleport Other           Tloc           0%         N/A       99%         3
 Fulminant Prism          Conj/Hex       0%         3d6       100%        4
 Iskenderun's Mystic Bla  Conj/Tloc      0%         2d3       100%        4
 Lee's Rapid Deconstruct  Erth           0%         3d5*      100%        5
 Dispersal                Tloc           0%         N/A       100%        6


Dungeon Overview and Level Annotations

Branches:
Dungeon (6/15)
 Temple: D:4-7

Altars:

Shops:
D:4 (

Annotations:
D:6 1 runed translucent door, Blork the orc, Crazy Yiuf


Innate Abilities, Weirdness & Mutations

You are too large for most types of armour.
You have claws for hands.
Your natural rate of healing is unusually fast.
You are covered in fur. (AC +1)
You have tough skin. (AC +1)


Message History

Blork the orc screams, "I'll make a cloak from your skin!"
There is a stone staircase leading down here.
Blork the orc screams, "I'll break your arms!"
You block the ogre's attack.
There is a stone staircase leading up here.
Aiming: Mindburst
Press: ? - help, Shift-Dir - straight line, f - Blork the orc
Aim: Blork the orc, wielding a +2 vampiric halberd and wearing a +0 robe (moderately wounded, chance to affect: 65%) Blork the orc's mind is blasted!!
Blork the orc hits you from afar with a +2 vampiric halberd.
Blork the orc draws strength from your wounds!
You scratch the ogre.
The ogre is lightly wounded.
The ogre hits you with a +0 giant club!!
The orc hits you with a +0 flail.
* * * LOW HITPOINT WARNING * * *
Blork the orc hits you from afar with a +2 vampiric halberd!
* * * LOW HITPOINT WARNING * * *
Blork the orc draws strength from your wounds!
The orc hits you with a +0 flail!
* * * LOW HITPOINT WARNING * * *
Blork the orc hits you from afar with a +2 vampiric halberd!
* * * LOW HITPOINT WARNING * * *
The ogre barely misses you.
You climb upwards.
There is a stone staircase leading down here.
Unknown command.
Unknown command.
You mangle the ogre!!
The ogre is almost dead.
The orc hits you with a +0 flail.
* * * LOW HITPOINT WARNING * * *
The ogre hits you with a +0 giant club!
* * * LOW HITPOINT WARNING * * *
You barely miss the ogre.
The ogre is almost dead.
The orc hits you with a +0 flail.
* * * LOW HITPOINT WARNING * * *
The ogre hits you with a +0 giant club!!
You die...

# #.# #.#
#........... #
#.# #.#
###......... #
#.# #.#
####...#.# ####
#.# #.# #...#.#
...# #.# #.#
#.).#.# ##.#
#.# #.# ##.##.#
#.# #.# #.#
#)##.. #.# #.#
#O# #.#### #.#
#.# #@# #.# #.#
#.# #o# #.#
#.###.#
#.###########.#
#.....#
#..........<.<#
#######
###############


You could see an ogre and an orc.

Vanquished Creatures
  Edmund (D:4)
  2 necrophages
  An ogre (D:5)
  2 scorpions
  A howler monkey (D:5)
  A hound (D:5)
  A jelly (D:5)
  3 orc priests (D:5)
  2 iguanas
  An orc wizard (D:5)
  A hound skeleton (D:4)
  8 gnolls
  6 adders
  A shadow imp (D:5)
  An ufetubus (D:6)
  3 dart slugs
  20 orcs
  8 endoplasms
  2 giant cockroaches
  7 goblins
  8 hobgoblins
  6 quokkas
  4 ball pythons
  6 bats
  5 frilled lizards
  4 kobolds
  6 rats
111 creatures vanquished.

Notes
Turn   | Place    | Note
-------+----------+-------------------------------------------
     0 | D:1      | lunkers the Troll Cinder Acolyte began the quest for the
                  | Orb.
     0 | D:1      | Reached XP level 1. HP: 22/22 MP: 1/1
    65 | D:1      | Reached XP level 2. HP: 29/29 MP: 2/2
   228 | D:1      | Reached XP level 3. HP: 33/36 MP: 3/3
   612 | D:1      | Reached skill level 4 in Unarmed Combat
   673 | D:2      | HP: 1/37 [gnoll (10)]
   675 | D:2      | Reached XP level 4. HP: 3/45 MP: 4/4
   812 | D:2      | Found a faded altar of an unknown god.
  1237 | D:2      | You fall into a shaft and drop 2 floors!
  1242 | D:4      | Reached skill level 5 in Unarmed Combat
  1242 | D:4      | Reached XP level 5. HP: 53/53 MP: 5/5
  1259 | D:4      | Noticed a necrophage
  1266 | D:4      | Killed a necrophage
  1298 | D:4      | Found Wum Tul's Antique Weapon Shoppe.
  2214 | D:3      | Reached XP level 6. HP: 62/62 MP: 6/6
  2366 | D:4      | Reached skill level 6 in Unarmed Combat
  2960 | D:4      | Noticed Edmund
  2977 | D:4      | Killed Edmund
  3049 | D:5      | Entered Level 5 of the Dungeon
  3073 | D:5      | Reached XP level 7. HP: 60/70 MP: 7/7
  3076 | D:5      | Reached skill level 7 in Unarmed Combat
  3511 | D:5      | Reached skill level 8 in Unarmed Combat
  3564 | D:5      | Reached skill level 5 in Fighting
  3618 | D:5      | Reached XP level 8. HP: 59/80 MP: 8/8
  3619 | D:5      | Reached skill level 1 in Shields
  3934 | D:6      | Found a runed translucent door.
  3935 | D:6      | Noticed Crazy Yiuf
  3952 | D:6      | Noticed Blork the orc
  3985 | D:5      | Demolished by an ogre

Illustrated notes

Levels and vault maps discovered:
D:1:      lemuel_arrival_lava_pool, layout_basic, serial_bayou_pond_e
D:2:      layout_loops_ring, basic_ecumenical_altar
D:3:      layout_loops_corners, grunt_decor_arrowhead, patterned_corridor
D:4:      layout_basic, serial_shops, shop, uniq_edmund
D:5:      layout_loops_ring, serial_bayou_pond_c
D:6:      layout_cave_pools, nicolae_vehumet_altar_sigil,
          minmay_temple_entry_hall, serial_column_ruins, column_ruins_grid_3,
          column_ruins_open_tiny, column_ruins_columns_straight,
          column_ruins_columns_plus, uniq_duvessa, uniq_maggie,
          uniq_blork_the_orc, uniq_crazy_yiuf_cottage

Skill      XL: |  1  2  3  4  5  6  7  8 |
---------------+-------------------------+-----
Unarmed Combat | 4 5 6 8 |  8.1
Fighting       | 3 4 5 |  5.0
Shields        | 1 |  1.0
Spellcasting   | |  1.0
Fire Magic     | |  2.1

Action                   |  1- 3 |  4- 6 |  7- 9 || total
-------------------------+-------+-------+-------++-------
Melee: Unarmed           |    68 |   188 |    91 ||   347
       Punch             |       |     1 |     1 ||     2
Evoke: Wand              |       |       |     1 ||     1
  Use: Potion            |       |     1 |       ||     1
 Stab: Sleeping          |       |     2 |       ||     2
Armor: Robe              |    15 |    44 |    15 ||    74
Dodge: Dodged            |    30 |    86 |    28 ||   144
Block: Kite shield       |       |       |     9 ||     9

Table legend: (Time is in decaauts)
 A = Elapsed time spent in this place.
 B = Non-inter-level travel time spent in this place.
 C = Inter-level travel time spent in this place.
 D = Time resting spent in this place.
 E = Time spent auto-exploring this place.
 F = Levels seen in this place.
 G = Mean time per level.
                   A        B        C        D        E       F      G
               +--------+--------+--------+--------+--------+-----+--------+
         Total |   3968 |   3877 |     91 |     45 |   3068 |   6 |  661.3 |
       Dungeon |   3968 |   3877 |     91 |     45 |   3068 |   6 |  661.3 |
               +--------+--------+--------+--------+--------+-----+--------+

Top non-repeatable levels by time:
     D:3: 944 daAuts
     D:4: 857 daAuts
     D:5: 805 daAuts
     D:1: 651 daAuts
     D:2: 576 daAuts
     D:6: 132 daAuts
